Map: [ESL] Moondance

Players

Kelazhur - Winner!

  • Race: Terran Terran
  • Spawn Location: 6:00

Cham

  • Race: Zerg Zerg
  • Spawn Location: 12:00

Event: DreamHack SC2 Masters 2022 Atlanta (Online)

VOD

Have the link to the VOD?

Description

Time

  • Played on: Sept. 29, 2022, 3:17 p.m.
  • Length: 12:22

All games in this series

Show
View Real Time Build Order
Export as new Build Order

Kelazhur Terran - Winner!

Build Orders: Hellion Opening, Reaper Expand 

Get SALT Encoding   

  12  0:00  SCV  
  13  0:12  SCV  
  14  0:17  Supply Depot  
  14  0:24  SCV  
  15  0:38  SCV  
  15  0:40  Barracks  
  16  0:44  Refinery  
  16  0:50  SCV  
  17  1:02  SCV  
  18  1:15  SCV  
  19  1:27  Orbital Command  
  19  1:32  Reaper  
  20  1:38  Command Center  
  20  1:45  Supply Depot  
  20  1:52  SCV  
  21  2:04  Factory, Marine  
  21  2:05  SCV  
  23  2:18  SCV  
  23  2:22  Barracks Reactor  
  24  2:32  SCV  
  25  2:40  Command Center  
  25  2:44  SCV  
  25  2:51  Orbital Command  
  26  2:56  SCV  
  27  3:05  Starport  
  27  3:07  Hellion x2  
  27  3:11  SCV  
  32  3:15  Barracks Tech Lab  
  32  3:17  SCV  
  33  3:23  SCV  
  33  3:25  Refinery  
  34  3:29  SCV  
  34  3:31  Hellion x2  
  39  3:35  SCV  
  40  3:41  Marine  
  40  3:42  Viking, SCV  
  40  3:47  SCV  
  45  3:53  Orbital Command  
  45  3:55  SCV  
  46  3:57  Hellion x2  
  46  4:01  SCV  
  51  4:06  Supply Depot  
  51  4:07  SCV  
  52  4:13  SCV  
  53  4:19  SCV  
  53  4:20  SCV  
  55  4:25  SCV  
  55  4:26  Bunker  
  55  4:28  Liberator  
  54  4:31  SCV  
  54  4:34  SCV  
  54  4:37  SCV, Marine x2  
  58  4:40  Supply Depot  
  58  4:43  Bunker, Siege Tank, SCV  
  62  4:47  SCV  
  62  4:48  Barracks  
  62  4:49  SCV  
  64  4:55  SCV  
  64  4:59  SCV  
  64  5:01  SCV  
  65  5:07  SCV  
  65  5:08  Engineering Bay  
  65  5:11  Engineering Bay, SCV  
  65  5:12  Barracks  
  65  5:13  SCV  
  68  5:19  SCV  
  69  5:23  SCV, Starport Reactor  
  69  5:25  SCV  
  69  5:27  Refinery  
  69  5:28  Refinery  
  71  5:31  SCV, Factory Reactor  
  71  5:35  SCV  
  73  5:37  SCV  
  70  5:44  SCV  
  70  5:46  Orbital Command  
  70  5:49  SCV  
  71  5:50  Marine  
  71  5:51  Stimpack  
  71  5:55  Terran Infantry Armor Level 1, Terran Infantry Weapons Level 1  
  71  5:56  SCV  
  70  5:57  Barracks  
  70  5:58  Barracks  
  70  6:02  SCV  
  71  6:04  Marine x2  
  71  6:08  SCV  
  71  6:09  Marine x2  
  71  6:10  Marine  
  77  6:12  Starport Reactor  
  77  6:16  Factory Tech Lab  
  77  6:20  Supply Depot  
  77  6:24  Supply Depot  
  77  6:27  Supply Depot, Marine  
  77  6:28  SCV x3, Marine x4  
  85  6:32  Refinery x2  
  85  6:33  Armory  
  85  6:41  Command Center, Siege Tank, SCV x2  
  85  6:42  SCV  
  85  6:46  Barracks Reactor  
  85  6:47  Barracks Reactor, Supply Depot  
  91  6:48  Supply Depot  
  91  6:50  Supply Depot  
  91  6:52  Medivac x2  
  91  6:53  Marine x5  
  91  6:54  SCV  
  101  6:56  SCV x2  
  103  7:04  Marine x2  
  103  7:06  SCV  
  107  7:08  SCV  
  107  7:11  Marine x3  
  107  7:12  SCV, Marauder  
  107  7:14  Siege Tank  
  107  7:15  Supply Depot  
  116  7:18  SCV  
  116  7:20  Marine  
  116  7:22  Supply Depot, Medivac x2, Marine x2  
  120  7:24  Supply Depot  
  120  7:29  Marine  
  125  7:30  Marine x2  
  125  7:31  Marine  
  125  7:34  Terran Vehicle Weapons Level 1  
  125  7:36  SCV x3, Factory  
  131  7:38  Marine  
  131  7:39  Marine x3  
  131  7:40  Supply Depot, Marine  
  136  7:46  Siege Tank  
  136  7:48  SCV  
  136  7:50  Marine x3  
  140  7:52  Medivac x2  
  140  7:57  Terran Infantry Weapons Level 2  
  144  8:01  SCV x2  
  144  8:03  Marine  
  144  8:04  Marine  
  148  8:05  Combat Shield  
  148  8:07  Marine  
  149  8:16  Terran Infantry Armor Level 2  
  146  8:21  Siege Tank  
  146  8:23  Marauder, Marine x3  
  146  8:25  Marine  
  146  8:27  SCV x3  
  158  8:34  Factory Tech Lab  
  155  8:45  Marine x8  
  155  8:46  Marauder  
  164  8:54  Siege Tank  
  164  8:55  Siege Tank  
  168  8:59  Supply Depot x2  
  166  9:03  Marine x6  
  166  9:06  Medivac x2  
  166  9:09  Marauder, Marine  
  175  9:17  Supply Depot, Planetary Fortress  
  170  9:18  Ghost Academy  
  170  9:19  Barracks  
  170  9:20  Barracks  
  170  9:22  Barracks, Marine x5  
  175  9:26  Command Center, Siege Tank  
  175  9:27  Siege Tank  
  181  9:34  Sensor Tower  
  181  9:37  Marauder, Marine x2  
  185  9:39  Supply Depot  
  185  9:40  Medivac  
  184  9:48  Marine  
  184  9:52  Concussive Shells, Marine  
  183  10:02  Drilling Claws  
  183  10:05  Marauder, Marine x6, Factory  
  183  10:06  Marine  
  191  10:09  Marine  
  191  10:10  Marine  
  191  10:13  Siege Tank x2  
  198  10:21  Refinery, Command Center  
  198  10:22  Refinery  
  198  10:23  Marine  
  193  10:32  Command Center  
  193  10:34  Marauder  
  191  10:44  Barracks Tech Lab x2  
  191  10:45  Barracks Tech Lab, Siege Tank, Marine  
  191  10:47  Siege Tank  
  198  10:55  Marauder  
  195  11:06  Marine x6  
  198  11:22  Siege Tank  
  198  11:25  Ghost x2  
  184  11:26  Marine  
  184  11:29  Siege Tank  
  184  11:30  Marine  
  184  11:31  Marine x4  
  157  11:34  Marine  
  157  11:35  Factory Reactor  
  157  11:37  Orbital Command  
  157  11:38  Refinery  
  155  11:45  Command Center  
  154  11:49  Command Center  
  154  11:50  Marine  
  154  11:51  Marauder x2, Marine x6  
  154  11:52  Marine  
  165  11:57  Marine  
  165  11:58  Marauder  
Show
View Real Time Build Order
Export as new Build Order

Cham Zerg 

Build Orders: Hatch First 

Get SALT Encoding   

  12  0:00  Drone  
  13  0:12  Overlord  
  13  0:17  Drone  
  14  0:30  Drone x2  
  16  0:47  Hatchery  
  15  0:51  Drone  
  15  0:54  Drone  
  17  0:57  Drone  
  18  1:11  Spawning Pool  
  18  1:12  Extractor  
  18  1:16  Drone  
  17  1:19  Drone  
  18  1:29  Drone  
  19  1:38  Drone  
  20  1:49  Drone  
  21  1:59  Queen x2  
  21  2:00  Zergling x4  
  27  2:10  Drone  
  27  2:11  Overlord  
  28  2:23  Hatchery  
  28  2:25  Drone  
  28  2:29  Drone  
  29  2:33  Drone x2  
  31  2:39  Queen  
  31  2:43  Drone  
  34  2:47  Overlord  
  34  2:54  Drone x2  
  36  3:08  Drone  
  36  3:10  Drone x7  
  44  3:18  Roach Warren  
  43  3:22  Drone  
  43  3:24  Overlord  
  44  3:30  Overlord  
  44  3:34  Queen  
  44  3:35  Queen  
  44  3:40  Drone x2, Overlord  
  50  3:48  Queen  
  52  3:59  Roach x3  
  52  4:00  Roach x3  
  52  4:01  Drone  
  65  4:04  Drone x2  
  65  4:08  Drone  
  61  4:22  Drone  
  56  4:26  Drone x5  
  62  4:31  Drone x4  
  62  4:35  Lair  
  62  4:38  Spore Crawler, Drone  
  66  4:43  Spore Crawler  
  64  4:48  Spore Crawler, Drone x2  
  64  4:49  Drone  
  64  4:51  Drone  
  67  4:53  Drone  
  68  5:00  Drone x2, Overlord  
  68  5:04  Drone x3, Extractor  
  72  5:09  Drone x2  
  72  5:13  Overlord x2  
  74  5:26  Drone x2, Extractor x2  
  69  5:43  Drone x6  
  69  5:45  Drone x3  
  69  5:46  Drone  
  69  5:47  Drone  
  69  5:48  Drone x3  
  69  5:49  Drone x3  
  80  5:51  Evolution Chamber  
  80  5:52  Extractor, Evolution Chamber  
  80  5:54  Extractor  
  76  5:59  Drone x2  
  78  6:04  Glial Reconstitution  
  78  6:08  Drone x2  
  78  6:10  Drone x2, Overlord  
  82  6:12  Drone, Hatchery  
  82  6:23  Overlord x4  
  82  6:28  Zerg Ground Armor Level 1  
  82  6:32  Zerg Missile Weapons Level 1  
  79  6:38  Drone x2  
  80  6:40  Drone x4  
  80  6:41  Drone x2  
  80  6:42  Drone  
  80  6:44  Drone x2  
  80  6:46  Roach  
  91  6:54  Drone  
  91  6:55  Metabolic Boost  
  91  6:57  Drone  
  91  6:58  Roach  
  91  6:59  Roach x3  
  91  7:00  Roach  
  103  7:04  Drone  
  103  7:05  Drone  
  103  7:07  Drone  
  106  7:09  Overlord  
  106  7:13  Drone x3  
  106  7:14  Roach  
  111  7:23  Drone  
  111  7:24  Drone x2  
  111  7:25  Spore Crawler  
  111  7:27  Spore Crawler  
  111  7:28  Baneling Nest, Drone  
  112  7:30  Infestation Pit, Drone x2  
  112  7:32  Ravager  
  112  7:33  Ravager x3  
  112  7:34  Roach x2  
  112  7:35  Drone x2  
  112  7:36  Drone  
  124  7:39  Drone  
  124  7:40  Overlord  
  124  7:41  Roach  
  124  7:42  Roach  
  124  7:44  Roach  
  131  7:49  Roach x3  
  131  7:50  Ravager  
  135  7:54  Overlord  
  135  7:55  Drone  
  135  7:56  Overlord x2  
  136  7:58  Drone  
  136  7:59  Drone x2  
  136  8:01  Overlord  
  136  8:02  Drone  
  137  8:09  Drone x4  
  134  8:14  Roach x3  
  134  8:18  Roach x2  
  134  8:19  Roach  
  144  8:24  Drone x2  
  144  8:25  Drone x4  
  146  8:30  Zerg Ground Armor Level 2  
  146  8:31  Zerg Melee Weapons Level 1  
  146  8:32  Drone x2  
  149  8:34  Drone  
  149  8:35  Drone  
  149  8:37  Hive  
  148  8:43  Hatchery  
  148  8:44  Roach  
  148  8:45  Zergling x4  
  148  8:47  Zergling x4  
  153  8:52  Zergling x8, Ravager  
  153  8:53  Zergling x2  
  157  9:06  Hatchery  
  157  9:07  Zergling x6  
  157  9:08  Zergling x8  
  157  9:11  Drone  
  157  9:12  Drone x4  
  162  9:18  Zergling x2, Extractor  
  162  9:19  Centrifugal Hooks, Extractor  
  162  9:21  Zergling x2  
  162  9:23  Zergling x2  
  163  9:25  Zergling x2  
  163  9:26  Zergling x4  
  163  9:28  Zergling x2  
  163  9:29  Zergling x2, Baneling  
  163  9:30  Baneling, Overlord  
  168  9:31  Overseer  
  168  9:32  Overlord  
  168  9:33  Baneling x5  
  168  9:43  Overlord  
  166  9:47  Zergling x2  
  166  9:48  Zergling x2  
  166  9:50  Zergling x22, Adrenal Glands  
  172  9:58  Zergling x4  
  169  10:05  Zergling x4  
  171  10:08  Overlord  
  171  10:10  Drone  
  171  10:11  Drone  
  171  10:12  Ultralisk Cavern  
  172  10:19  Viper x2  
  172  10:21  Hatchery  
  177  10:24  Zergling x20  
  177  10:25  Zergling x2  
  183  10:33  Drone x3, Overlord  
  183  10:35  Zergling x2  
  187  10:39  Zergling x2  
  187  10:41  Baneling x14  
  187  10:46  Drone x2  
  187  10:47  Overlord x2  
  189  11:02  Zergling x2  
  189  11:03  Zergling x16  
  196  11:05  Baneling x3  
  196  11:06  Baneling x9  
  196  11:09  Zergling x2  
  196  11:10  Zergling x4  
  199  11:17  Overlord x2  
  153  11:31  Zergling x8  
  153  11:32  Zergling x14  
  130  11:35  Roach  
  130  11:38  Zergling x2  
  130  11:39  Zergling x2  
  124  11:42  Zergling x2  
  124  11:43  Zergling x6  
  126  11:50  Zergling x10  
  127  11:55  Baneling x5  
  127  11:56  Ravager  
  113  12:03  Zergling x2  
Tags
 
Add a new tag
Caveats
  • Supply blocks, unpowered buildings, or Contaminate may cause inaccurate times.
  • Supply counts are checked every 10 seconds.